 Dungeon Crawl Stone Soup version 0.32-a0-900-g30fb1b0edc (webtiles) character file.

Game seed: 17073724502869601980

150 timneilson the Sneak (level 5, -6/29 HPs)
             Began as a Kobold Enchanter on Apr 5, 2024.
             Killed by divine providence
             ... invoked by an orc priest
              (12 damage)
             ... on level 4 of the Dungeon.
             The game lasted 00:08:45 (2805 turns).

timneilson the Sneak (Kobold Enchanter)             Turns: 2805, Time: 00:08:46

Health: -6/29      AC:  8    Str:  5    XL:     5   Next: 58%
Magic:  1/9        EV: 15    Int: 16    God:
Gold:   938        SH:  0    Dex: 18    Spells: 7/9 levels left

rFire   . . .        a - +1 dagger
rCold   . . .        (no shield)
rNeg    + . .        b - +1 robe
rPois   .            k - +2 hat
rElec   .            (no cloak)
rCorr   .            (no gloves)
SInv    +            e - +2 pair of boots of Disguise {rN+ Regen+}
Will    .....        (no amulet)
Stlth   ++++         n - ring of see invisible
HPRegen 1.04/turn    (no ring)
MPRegen 0.11/turn

%: no passive effects
@: very slightly contaminated
A: small, no large weapons, nightstalker 3
a: Convert to Beogh


You were on level 4 of the Dungeon.
You visited 1 branch of the dungeon, and saw 4 of its levels.

You collected 938 gold pieces.

Inventory:

Hand Weapons
 a - a +1 dagger (weapon)
Armour
 b - a +1 robe (worn)
 e - the +2 pair of boots of Disguise (worn) {rN+ Regen+}
   (You acquired it on level 1 of the Dungeon)

   rN+:       It protects you from negative energy.
   Regen+:    It increases your rate of health regeneration.
 k - a +2 hat (worn)
Jewellery
 n - a ring of see invisible (left hand)
Wands
 g - a wand of roots (21)
Scrolls
 m - a scroll of teleportation {unknown}
 o - a scroll of blinking {unknown}
 p - a scroll of fear
Potions
 c - 2 potions of invisibility
 d - a potion of haste {unknown}
 f - a potion of mutation {unknown}
 h - 3 potions of curing {unknown}
 i - 2 potions of lignification {unknown}
 j - 2 potions of might {unknown}
 l - a potion of berserk rage {unknown}


   Skills:
 + Level 1.5 Fighting
 * Level 3.1 Short Blades
 + Level 1.0 Armour
 * Level 3.7 Dodging
 + Level 4.4 Stealth
 + Level 2.7 Spellcasting
 - Level 3.0 Hexes
 + Level 1.0 Ice Magic
 + Level 1.1 Evocations


You had 7 spell levels left.
You knew the following spells:

 Your Spells              Type           Power      Damage    Failure   Level
a - Ensorcelled Hibernat  Hex/Ice        16%        N/A       13%         2

Your spell library contained the following spells:

 Spells                   Type           Power      Damage    Failure   Level
 Confusing Touch          Hex            11%        N/A       17%         3
 Tukima's Dance           Hex            11%        N/A       17%         3
 Dazzling Flash           Conj/Hex       12%        N/A       30%         3


Dungeon Overview and Level Annotations

Branches:
Dungeon (4/15)
 Temple: D:4-7

Altars:
Vehumet


Innate Abilities, Weirdness & Mutations

You are small and have problems with some larger weapons.
You are completely attuned to the shadows.


Message History

The orc hits you with a +0 club.
You hit the orc.
The orc is heavily wounded.
The orc hits you but does no damage.
You hit the orc.
You kill the orc!
Casting: Ensorcelled Hibernation (safe; 13% risk of failure)
Confirm with . or Enter, or press ? or * to list all spells.
Aiming: Ensorcelled Hibernation (safe; 13% risk of failure)
Press: ? - help, Shift-Dir - straight line, f - orc priest
Aim: an orc priest, wielding a +0 mace (lightly wounded, chance to affect: 41%)
The orc priest resists with some effort.
Casting: Ensorcelled Hibernation (safe; 13% risk of failure)
Confirm with . or Enter, or press ? or * to list all spells.
Aiming: Ensorcelled Hibernation (safe; 13% risk of failure)
Press: ? - help, Shift-Dir - straight line, f/p - orc priest
Aim: an orc priest, wielding a +0 mace (lightly wounded, chance to affect: 41%)
You miscast Ensorcelled Hibernation.
You are very lightly contaminated with residual magic.
Nothing appears to happen.
The orc priest shouts, "The Pantheon deserves no one's loyalty.
Let us show you the true path!"
The orc priest hits you but does no damage.
You hit the orc priest.
The orc priest is moderately wounded.
The orc priest threatens, "Beogh's wrath is as vast as their mercy.
Make your choice!"
The orc priest casts a cantrip, but nothing happens.
You barely miss the orc priest.
The orc priest is moderately wounded.
The orc priest invokes the aid of Beogh against you.
Beogh smites you!
Ouch! That really hurt!
* * * LOW HITPOINT WARNING * * *
You hit the orc priest.
The orc priest is heavily wounded.
The orc priest shouts, "Beogh offers mercy even to people such as you.
Join us and be reborn!"
You hit the orc priest but do no damage.
The orc priest is heavily wounded.
The orc priest mumbles some strange prayers to Beogh against you.
Beogh smites you!
You die...

###### ########.....
.......#.....
......)o.....
........@#.....
...##...##..... ###
...##...######## #..
.........#.....# #..
.........#.....# #..
.........#.....# #..
.........#.....# #..
...##...##.[.##########..
#...##...##...###....#..##


You could see an orc priest.

Vanquished Creatures
  An orc priest (D:4)
  4 adders
  2 dart slugs (D:2)
  3 orcs
  6 endoplasms
  3 giant cockroaches
  7 hobgoblins
  11 jackals
  2 quokkas (D:2)
  2 ball pythons
  11 bats
  7 frilled lizards
  5 goblins
  5 kobolds
  4 rats
73 creatures vanquished.

Notes
Turn   | Place    | Note
-------+----------+-------------------------------------------
     0 | D:1      | timneilson the Kobold Enchanter began the quest for the
                  | Orb.
     0 | D:1      | Reached XP level 1. HP: 10/10 MP: 3/3
   181 | D:1      | Reached XP level 2. HP: 10/15 MP: 5/5
   184 | D:1      | Learned a level 2 spell: Ensorcelled Hibernation
   859 | D:1      | Identified a scroll of acquirement
   942 | D:1      | Acquired the +2 pair of boots of Disguise {rN+ Regen+}
  1059 | D:2      | Reached XP level 3. HP: 20/20 MP: 6/6
  1460 | D:2      | Reached XP level 4. HP: 13/24 MP: 7/7
  1552 | D:2      | Reached skill level 1 in Fighting
  2274 | D:3      | Reached skill level 1 in Evocations
  2274 | D:3      | Reached XP level 5. HP: 29/29 MP: 8/8
  2286 | D:3      | Found a radiant altar of Vehumet.
  2601 | D:3      | You fall into a shaft and drop 1 floor!
  2725 | D:4      | Acquired 800 gold pieces
  2795 | D:4      | Reached skill level 1 in Armour
  2795 | D:4      | Reached skill level 1 in Ice Magic
  2805 | D:4      | Killed from afar by an orc priest

Illustrated notes

Levels and vault maps discovered:
D:1:      lightli_arrival_windingriver, layout_loops_ring
D:2:      layout_basic, dk_noncrumbling_3
D:3:      layout_loops_corners, mainiacjoe_overflow_boulevard,
          shapermc_ecumenical_altar_gd, minmay_misc_feat_alley, st_stairs_8
D:4:      layout_gridville, lemuel_flame_loot_1

Skill      XL: |  1  2  3  4  5 |
---------------+----------------+-----
Short Blades   | 2 3 |  3.1
Dodging        | 3 |  3.7
Fighting       | 1 |  1.5
Evocations     | 1 |  1.1
Armour         | 1 |  1.0
Ice Magic      | 1 |  1.0
Stealth        | |  4.4
Spellcasting   | |  2.7
Hexes          | |  3.0

Action                     |  1- 3 |  4- 6 || total
---------------------------+-------+-------++-------
  Melee: Dagger            |    99 |   109 ||   208
   Cast: Ensorcelled Hiber |       |     3 ||     3
    Use: Scroll            |     3 |     2 ||     5
   Stab: Sleeping          |    21 |    23 ||    44
         Distracted        |     1 |       ||     1
 Armour: Robe              |    37 |    33 ||    70
  Dodge: Dodged            |    54 |    62 ||   116

Table legend: (Time is in decaauts)
 A = Elapsed time spent in this place.
 B = Non-inter-level travel time spent in this place.
 C = Inter-level travel time spent in this place.
 D = Time resting spent in this place.
 E = Time spent auto-exploring this place.
 F = Levels seen in this place.
 G = Mean time per level.
                   A        B        C        D        E       F      G
               +--------+--------+--------+--------+--------+-----+--------+
         Total |   2791 |   2680 |    111 |     57 |   1603 |   4 |  697.8 |
       Dungeon |   2791 |   2680 |    111 |     57 |   1603 |   4 |  697.8 |
               +--------+--------+--------+--------+--------+-----+--------+

Top non-repeatable levels by time:
     D:2: 1004 daAuts
     D:1: 960 daAuts
     D:3: 624 daAuts
     D:4: 201 daAuts
